 Dungeon Crawl Stone Soup version 0.29.1-15-g9cfb28693d (webtiles) character file.

Game seed: 9560525314024797838

115889 Gumption the Severer (level 16, -15/207 HPs)
             Began as a Minotaur Berserker on Mar 19, 2023.
             Was a High Priest of Trog.
             Demolished by a radroach (48 damage)
             ... on level 1 of the Spider Nest.
             The game lasted 03:32:56 (29417 turns).

Gumption the Severer (Minotaur Berserker)          Turns: 29417, Time: 03:32:57

Health: -15/207    AC: 28    Str: 27      XL:     16   Next: 19%
Magic:  15/15      EV: 12    Int: 10 (12) God:    Trog [*****.]
Gold:   2533       SH: 19    Dex: 11      Spells: 15/15 levels left

rFire   + . .      SeeInvis .   a - +1 broad axe (freeze)
rCold   + . .      Faith    .   F - +2 kite shield
rNeg    . . .      Spirit   .   R - +2 chain mail {rF+}
rPois   +          Reflect  +   (helmet restricted)
rElec   .          Harm     .   y - +1 cloak "Yntumuelu" {rPois rCorr Int+6}
rCorr   +          Rampage  .   K - +0 pair of gloves
Will    +++..                   T - +2 pair of boots
Stlth   ..........              Z - amulet of reflection
HPRegen 1.44/turn               j - ring of protection from cold
MPRegen 0.14/turn               P - +4 ring of protection

@: berserking, strong-willed, slightly contaminated, regenerating, very quick
A: horns 2, retaliatory headbutt, frail 1
a: Renounce Religion, Berserk, Trog's Hand, Brothers in Arms


You were on level 1 of the Spider Nest.
You worshipped Trog.
Trog was extremely pleased with you.
You visited 5 branches of the dungeon, and saw 24 of its levels.
You visited 1 bazaar.
You also visited: Ossuary and Ice Cave.

You collected 2799 gold pieces.
You spent 266 gold pieces at shops.

Inventory:

Hand Weapons
 a - a +1 broad axe of freezing (weapon)
 b - a +8 spear
 e - a +0 broad axe of chaos
 I - the +6 war axe "Pimun" {chaos, Dex+2}
   (You found it on level 12 of the Dungeon)

   Each time it hits an enemy it has a different, random effect.
   Dex:       It affects your dexterity (+2).
 J - the +2 executioner's axe "Fish" {vorpal, rPois Will++ SInv}
   (Trog gifted it to you on level 2 of the Lair of Beasts)

   It inflicts extra damage upon your enemies.
   rPois:     It protects you from poison.
   SInv:      It lets you see invisible.
   Will:      It greatly increases your willpower.
 L - a +4 broad axe
Missiles
 i - 22 boomerangs (quivered)
 u - a throwing net
 D - 7 curare-tipped darts
 V - 3 javelins
Armour
 y - the +1 cloak "Yntumuelu" (worn) {rPois rCorr Int+6}
   (You bought it in a shop on level 2 of the Orcish Mines)

   Int:       It affects your intelligence (+6).
   rPois:     It protects you from poison.
   rCorr:     It protects you from acid and corrosion.
 F - a +2 kite shield (worn)
 K - a +0 pair of gloves (worn)
 R - a +2 chain mail of fire resistance (worn)
 T - a +2 pair of boots (worn)
Jewellery
 d - a ring of protection from fire
 j - a ring of protection from cold (left hand)
 k - a ring of flight
 l - a ring of protection from fire
 v - an amulet of regeneration
 P - a +4 ring of protection (right hand)
 Z - an amulet of reflection (around neck)
Wands
 p - a wand of flame (12)
 t - a wand of iceblast (61)
 w - a wand of charming (16)
 x - a wand of digging (13)
 Y - a wand of light (2)
Scrolls
 h - 3 scrolls of fog
 o - 11 scrolls of teleportation
 r - 6 scrolls of identify
 E - 2 scrolls of fear
 M - 5 scrolls of immolation
 N - a scroll of magic mapping
 O - 3 scrolls of enchant armour
 Q - 2 scrolls of enchant weapon
 W - a scroll of poison
Potions
 c - 7 potions of flight
 f - 4 potions of curing
 g - 3 potions of heal wounds
 m - 2 potions of mutation
 n - 5 potions of lignification
 q - a potion of cancellation
 s - 2 potions of resistance
 z - a potion of invisibility
 A - a potion of ambrosia
 B - 4 potions of magic
 C - 6 potions of haste
 H - 3 potions of might
 U - a potion of berserk rage


   Skills:
 + Level 16.8 Fighting
 + Level 19.8 Axes
 + Level 16.6 Armour
 + Level 10.7 Dodging
 + Level 13.9 Shields


You had 15 spell levels left.
You didn't know any spells.
Your spell library was empty.

Dungeon Overview and Level Annotations

Branches:
Dungeon (15/15)            Temple (1/1) D:6            Lair (5/5) D:9
  Swamp (0/4) Lair:2       Spider (1/4) Lair:3        Slime (0/5) Lair:5
    Orc (2/2) D:9             Elf (0/3) Orc:2        Vaults (0/5) D:14
 Depths (0/4) D:15        Ossuary (visited)           IceCv (visited)

Altars:
Ashenzari
Cheibriados
Dithmenos
Elyvilon
Fedhas
Gozag
Hepliaklqana
Kikubaaqudgha
Makhleb
Nemelex Xobeh
Okawaru
Qazlal
Ru
Sif Muna
Trog
Uskayaw
Vehumet
Wu Jian
Xom
Yredelemnul
Zin
The Shining One
Jiyva

Shops:
D:10 :   Orc:2 !*((


Innate Abilities, Weirdness & Mutations

You have a pair of horns on your head.
You reflexively headbutt those who attack you in melee.
You are frail. (-10% HP)


Message History

Your body shudders with the violent release of wild energies!
You feel frail.
You feel less contaminated with magical energies.
Your skin crawls.
You feel strong-willed.
You barely miss the tarantella. You headbutt the tarantella!
The tarantella is moderately wounded.
You block the tarantella's attack.
You hit the tarantella. You freeze the tarantella.
Your headbutt misses the tarantella.
The tarantella is heavily wounded.
You block the tarantella's attack.
You slice the tarantella!! You freeze the tarantella!
You kill the tarantella!
Trog accepts your kill.
A red film seems to cover your vision as you go berserk!
You feel yourself moving faster!
You feel mighty!
The jumping spider's many legs skitter faintly.
The jumping spider leaps!
You slice the radroach!! You freeze the radroach.
The radroach is severely wounded.
The radroach bites you but does no damage.
You block the radroach's attack.
You barely miss the radroach. You headbutt the radroach!
The radroach is severely wounded.
You hit the radroach but do no damage.
You headbutt the radroach, but do no damage.
The radroach is severely wounded.
You block the radroach's attack. x2
You slash the radroach! You freeze the radroach.
The radroach is almost dead.
The jumping spider leaps!
You barely miss the radroach. Your headbutt misses the radroach.
The radroach is almost dead.
You block the radroach's attack. x2
You slash the radroach! You freeze the radroach.
The radroach is almost dead.
The radroach erupts in a fountain of uncontrolled magic!
You are blasted with magical radiation!!!
You die...

# ##. #..^. ####
##.#..##### #..### ####
#......@B.###....###..##
##...#.....##.....##....
#.$.#......#..#.s#..#..
.........#^..B.#.†.<..
##.....†....#†s.B.#§^ #.
#........##.......## #..
#.......###.....^##
#..##..#.†.## ##..#.##
###.....#.†### ######


You could see a radroach.

Vanquished Creatures
  Jorgrun (D:15)
  2 emperor scorpions
  A ghost moth (Spider:1)
  Nessos (Lair:5)
  The ghost of vampirul the Cleaver, a journeyman FoFi of Okawaru (Lair:2)
  A fire dragon (D:12)
  The ghost of burchardtist the Grappler, a journeyman TrFi of Wu Jian (D:11)
  Josephine (D:11)
  9 hydras
  3 vault guards (D:14)
  6 boulder beetles
  4 ogre magi (Orc:2)
  2 catoblepae
  5 centaur warriors
  Erica (D:8)
  15 two-headed ogres
  2 tengu warriors
  5 death yaks
  An orc high priest (Orc:2)
  Sonja (Lair:1)
  The ghost of H0rd4k the Martial Artist, a novice OpAr of Gozag (D:12)
  Nergalle (Lair:1)
  2 skeletal warriors (D:15)
  2 orb spiders (Spider:1)
  2 bog bodies (Lair:2)
  A flayed ghost (D:15)
  3 orc knights
  A necromancer (D:15)
  3 deep elf pyromancers
  A frost giant zombie (D:15)
  2 stone giant zombies (D:15)
  12 ugly things
  A fire giant zombie (D:15)
  A manticore (D:12)
  A wolf spider (Spider:1)
  3 cyclopes (D:11)
  3 ice statues (IceCv)
  10 elephants
  Maurice (Orc:1)
  3 torpor snails
  2 gargoyles
  20 cane toads
  A cane toad (shapeshifter) (D:14)
  4 rime drakes
  13 komodo dragons
  A kobold demonologist (D:15)
  A demonic crawler (Spider:1)
  2 efreet
  A yaktaur (D:15)
  2 tengu conjurers
  An anaconda simulacrum (IceCv)
  A meliai (shapeshifter) (D:14)
  3 meliai (D:15)
  5 tyrant leeches (Lair:5)
  7 trolls
  A polar bear (Lair:2)
  Prince Ribbit (D:4)
  17 slime creatures
  7 tarantellas (Spider:1)
  18 blink frogs
  8 dream sheep
  7 jumping spiders (Spider:1)
  3 shadows
  7 wraiths
  5 wyverns
  3 vampires
  35 yaks
  2 culicivoras
  A human (shapeshifter) (D:15)
  Eustachio (D:4)
  4 basilisks
  8 humans (D:14)
  10 redbacks
  15 vampire mosquitoes
  4 wargs (Orc:1)
  2 death yak simulacra (IceCv)
  2 swamp worms (Lair:2)
  A harpy simulacrum (IceCv)
  12 water moccasins
  Duvessa (D:7)
  25 orc warriors
  A sky beast (D:6)
  2 ice beasts (D:6)
  3 black bears
  30 ogres
  18 centaurs
  8 wolves (Lair:1)
  The ghost of H0rd4k the Charlatan, an amateur OpAr (D:3)
  Blork the orc (D:4)
  4 kobold brigands
  15 bullfrogs
  4 necrophages
  5 scorpions
  A cane toad simulacrum (IceCv)
  3 gnoll sergeants
  Dowan (D:7)
  9 wights
  A water moccasin skeleton (D:3)
  12 killer bees
  A howler monkey (D:11)
  An electric eel (Lair:2)
  2 centaur zombies (Ossuary)
  2 jellies
  2 human zombies (Ossuary)
  A bullfrog zombie (D:3)
  Crazy Yiuf (D:5)
  A gnoll bouda (Orc:1)
  4 hounds
  15 orc priests
  3 iguanas
  15 orc wizards
  2 polar bear simulacra (IceCv)
  A wolf simulacrum (IceCv)
  2 mummies (Ossuary)
  10 adders
  24 gnolls
  2 shadow imps (D:6)
  3 white imps
  An ufetubus (D:5)
  3 adder zombies (Ossuary)
  4 worms
  A dart slug (D:5)
  67 orcs
  6 ball pythons
  3 bats
  3 endoplasms
  2 giant cockroaches
  8 goblins
  3 hobgoblins
  8 jackals
  2 quokkas (D:4)
  2 frilled lizards
  2 goblin zombies (Ossuary)
  6 hobgoblin zombies (Ossuary)
  2 jackal zombies (Ossuary)
  7 kobolds
  7 kobold zombies (Ossuary)
  12 orc zombies (Ossuary)
  2 quokka zombies (D:6)
  3 rats
  A rat zombie (Ossuary)
  A spectral orc (D:3)
  A bush (D:12)
749 creatures vanquished.

Vanquished Creatures (collateral kills)
  An orc high priest (Orc:1)
  3 orc warriors
  3 gnolls (Orc:1)
  4 orcs (Orc:2)
11 creatures vanquished.

Vanquished Creatures (others)
  A vault guard (D:14)
  An orc (D:13)
  33 fungi
  96 plants
  17 withered plants
148 creatures vanquished.

Grand Total: 908 creatures vanquished

Notes
Turn   | Place    | Note
-------+----------+-------------------------------------------
     0 | D:1      | Gumption the Minotaur Berserker began the quest for the
                  | Orb.
     0 | D:1      | Reached XP level 1. HP: 19/19 MP: 0/0
    54 | D:1      | Reached skill level 4 in Axes
    54 | D:1      | Reached XP level 2. HP: 21/27 MP: 1/1
  1360 | D:2      | Reached XP level 3. HP: 32/33 MP: 2/2
  1514 | D:2      | Reached ** piety under Trog
  1627 | D:2      | Identified the +6 ring mail of Mental Paralysis {-Tele
                  | Rampage Will+}
  2173 | D:3      | Found a faded altar of an unknown god.
  2266 | D:3      | Found an ancient bone altar of Kikubaaqudgha.
  2637 | D:3      | Found a runed translucent gate.
  2637 | D:3      | Found a runed translucent gate.
  2637 | D:3      | Found a runed translucent gate.
  2656 | D:3      | Noticed H0rd4k's ghost (amateur OpAr)
  2835 | D:3      | Found a basalt altar of Yredelemnul.
  3126 | D:4      | Noticed a scorpion
  3192 | D:4      | Reached skill level 5 in Axes
  3192 | D:4      | Reached XP level 4. HP: 30/41 MP: 3/3
  3355 | D:4      | Noticed a necrophage
  3378 | D:4      | Killed a necrophage
  3436 | D:4      | Noticed Eustachio
  3443 | D:4      | Reached XP level 5. HP: 47/47 MP: 4/4
  3463 | D:4      | Killed Eustachio
  3464 | D:4      | Reached skill level 5 in Fighting
  3464 | D:4      | Reached skill level 6 in Axes
  3464 | D:4      | Reached XP level 6. HP: 23/56 MP: 5/5
  4132 | D:4      | Reached skill level 7 in Axes
  4243 | D:4      | Found a glowing golden altar of the Shining One.
  4544 | D:5      | Entered Level 5 of the Dungeon
  4589 | D:5      | Reached XP level 7. HP: 62/62 MP: 6/6
  4603 | D:4      | Reached skill level 5 in Armour
  4897 | D:5      | Noticed Blork the orc
  4897 | D:5      | Noticed Prince Ribbit
  4916 | D:4      | Killed Prince Ribbit
  4917 | D:4      | Reached skill level 8 in Axes
  5331 | D:4      | Killed Blork the orc
  5477 | D:5      | Reached XP level 8. HP: 71/71 MP: 7/7
  5485 | D:5      | Found a hide-covered altar of Uskayaw.
  5578 | D:5      | Reached skill level 9 in Axes
  5869 | D:5      | Found a blossoming altar of Fedhas.
  5943 | D:5      | Found a sacrificial altar of Ru.
  6102 | D:5      | Found a runed translucent door.
  6103 | D:5      | Noticed Crazy Yiuf
  6109 | D:5      | Killed Crazy Yiuf
  6272 | D:6      | Found a staircase to the Ecumenical Temple.
  6309 | D:6      | Reached skill level 10 in Axes
  6350 | D:6      | Found a sand-covered staircase.
  6357 | Ossuary  | Entered an ossuary
  6368 | Ossuary  | Reached *** piety under Trog
  6539 | Ossuary  | Identified the +5 rapier of Quijud {vorpal, Str+7 Dex-4
                  | SInv}
  6565 | Ossuary  | Reached **** piety under Trog
  6969 | D:6      | Reached XP level 9. HP: 81/81 MP: 8/8
  7189 | D:6      | Reached skill level 11 in Axes
  7651 | Temple   | Entered the Ecumenical Temple
  7749 | D:7      | Noticed Duvessa
  7749 | D:7      | Noticed Dowan
  7765 | D:7      | Killed Dowan
  7768 | D:7      | Killed Duvessa
  7986 | D:7      | Reached skill level 12 in Axes
  8358 | D:7      | Found a sparkling altar of Nemelex Xobeh.
  8690 | D:7      | Found a burning altar of Makhleb.
  8826 | D:7      | Reached XP level 10. HP: 91/91 MP: 9/9
  8902 | D:7      | Found a glowing silver altar of Zin.
  8966 | D:8      | Noticed Erica
  9031 | D:8      | Reached ***** piety under Trog
  9420 | D:8      | Killed Erica
  9421 | D:8      | Reached skill level 13 in Axes
  9440 | D:8      | Reached skill level 10 in Fighting
  9743 | D:9      | Found a staircase to the Lair.
  9935 | D:9      | Found a staircase to the Orcish Mines.
  9937 | D:9      | Found a hazy altar of Hepliaklqana.
  9950 | D:9      | Found a white marble altar of Elyvilon.
  9952 | D:9      | Found an opulent altar of Gozag.
  9953 | D:9      | Found a shimmering altar of Xom.
 10279 | D:10     | Entered Level 10 of the Dungeon
 10284 | D:10     | Reached skill level 14 in Axes
 10285 | D:10     | Reached skill level 10 in Armour
 10323 | D:10     | Found Ciehogih's Tremendous Tomes.
 10393 | D:10     | HP: 4/141 [yak (11)]
 10581 | D:10     | Reached XP level 11. HP: 101/101 MP: 10/10
 11419 | D:11     | Noticed a two-headed ogre
 11469 | D:11     | Noticed a deep elf pyromancer
 11474 | D:11     | Killed a deep elf pyromancer
 11475 | D:11     | Reached skill level 15 in Axes
 11727 | D:11     | Identified the +1 robe "Goaf" {rPois Int+6}
 11728 | D:11     | Noticed Josephine
 11737 | D:11     | Killed Josephine
 11737 | D:11     | Received a gift from Trog
 11739 | D:11     | Noticed a six-headed hydra
 11742 | D:11     | Noticed a purple ugly thing
 11754 | D:10     | Killed a purple ugly thing
 11891 | D:11     | Noticed a six-headed hydra
 11900 | D:11     | Killed a six-headed hydra
 11901 | D:11     | Reached skill level 16 in Axes
 11901 | D:11     | Reached skill level 1 in Shields
 11908 | D:11     | Killed a six-headed hydra
 12013 | D:11     | Found a runed translucent door.
 12013 | D:11     | Noticed burchardtist's ghost (journeyman TrFi)
 12217 | D:11     | Killed a two-headed ogre
 12218 | D:11     | Reached XP level 12. HP: 112/112 MP: 3/11
 12223 | D:11     | Noticed a two-headed ogre
 12230 | D:11     | Killed a two-headed ogre
 12246 | D:11     | Reached skill level 5 in Shields
 12605 | Lair:1   | Entered Level 1 of the Lair of Beasts
 12654 | Lair:1   | Noticed Sonja
 12660 | Lair:1   | Noticed a four-headed hydra
 12661 | Lair:1   | Killed Sonja
 12670 | Lair:1   | Killed a four-headed hydra
 12804 | Lair:1   | Noticed a boulder beetle
 12871 | Lair:1   | Killed a boulder beetle
 13086 | Lair:1   | Noticed a boulder beetle
 13101 | Lair:1   | Killed a boulder beetle
 13206 | Lair:1   | Noticed Nergalle
 13221 | Lair:1   | Killed Nergalle
 13970 | Lair:2   | Found a runed translucent door.
 13986 | Lair:2   | Noticed vampirul's ghost (journeyman FoFi)
 14093 | Lair:2   | Noticed a catoblepas
 14125 | Lair:2   | Killed a catoblepas
 14126 | Lair:2   | Reached skill level 17 in Axes
 14267 | Lair:2   | Found a transporter.
 14269 | Lair:2   | Found a transporter.
 14269 | Lair:2   | Noticed a boulder beetle
 14353 | Lair:2   | Found a staircase to the Swamp.
 14360 | Lair:2   | Identified the +2 executioner's axe "Fish" {vorpal, rPois
                  | Will++ SInv} (Trog gifted it to you on level 2 of the Lair
                  | of Beasts)
 14360 | Lair:2   | Received a gift from Trog
 14361 | Lair:2   | Reached XP level 13. HP: 71/122 MP: 12/12
 15268 | Lair:3   | Found a hole to the Spider Nest.
 15388 | Lair:3   | Identified the +6 mace "Oxkytoh" {vorpal, Str+5}
 15597 | Lair:3   | Identified the amulet of Duolesel {*Slow Will+++ Regen+
                  | SInv Stlth-}
 15961 | Lair:3   | Reached skill level 5 in Dodging
 16657 | Lair:4   | Reached skill level 10 in Shields
 17304 | Lair:5   | Entered Level 5 of the Lair of Beasts
 17481 | Lair:5   | Received a gift from Trog
 17482 | Lair:5   | Reached XP level 14. HP: 103/133 MP: 13/13
 17496 | Lair:5   | Reached skill level 18 in Axes
 17606 | Lair:5   | Found a staircase to the Slime Pits.
 17606 | Lair:5   | Found a viscous altar of Jiyva.
 17651 | Lair:5   | Found a frozen archway.
 17659 | IceCv    | Entered an ice cave
 19565 | Lair:5   | Identified the +3 leather armour of the Bulwark {Regen+
                  | rCorr MP+9 Str-2}
 19696 | Lair:5   | Noticed Nessos
 19712 | Lair:5   | Killed Nessos
 19957 | Lair:5   | Reached skill level 15 in Fighting
 20346 | Orc:1    | Entered Level 1 of the Orcish Mines
 20350 | Orc:1    | Received a gift from Trog
 20358 | Orc:1    | Noticed Maurice
 20381 | Orc:1    | Killed Maurice
 20559 | Orc:2    | Entered Level 2 of the Orcish Mines
 20691 | Orc:2    | Found a flickering gateway to a bazaar.
 20718 | Bazaar   | Entered a bazaar
 20719 | Bazaar   | Found Kaixaesh's Book Boutique.
 20719 | Bazaar   | Found Nuckeseo's Armour Boutique.
 20721 | Bazaar   | Found Oxiaja's Jewellery Shoppe.
 20724 | Bazaar   | Found Aniyr's Distillery.
 20737 | Bazaar   | Found Hungofok's Armour Boutique.
 20743 | Bazaar   | Found Zirilagi's Assorted Antiques.
 20854 | Orc:2    | Reached skill level 15 in Armour
 20910 | Orc:2    | Received a gift from Trog
 20938 | Orc:2    | Found a staircase to the Elven Halls.
 20939 | Orc:2    | Found Weozuecw's Antique Weapon Shop.
 21010 | Orc:2    | Found Apoavoup's Distillery.
 21010 | Orc:2    | Found Qusuajof's Antique Weapon Emporium.
 21010 | Orc:2    | Found Bichof Engo's Assorted Antiques.
 21563 | Orc:2    | Bought a translucent cloak for 266 gold pieces
 21563 | Orc:2    | Identified the +1 cloak "Yntumuelu" {rPois rCorr Int+6}
                  | (You bought it in a shop on level 2 of the Orcish Mines)
 21877 | Orc:2    | Reached XP level 15. HP: 33/141 MP: 14/14
 22704 | D:11     | Killed burchardtist's ghost
 22879 | D:3      | Killed H0rd4k's ghost
 23101 | Lair:2   | Killed vampirul's ghost
 23257 | D:12     | Found a runed translucent door.
 23769 | D:12     | Received a gift from Trog
 23923 | D:12     | Identified the +6 war axe "Pimun" {chaos, Dex+2}
 24028 | D:12     | Noticed H0rd4k's ghost (novice OpAr)
 24382 | D:12     | Reached skill level 19 in Axes
 24395 | D:12     | Killed H0rd4k's ghost
 24985 | D:13     | You fall into a shaft and drop 2 floors!
 24985 | D:15     | Entered Level 15 of the Dungeon
 26393 | D:15     | Noticed Jorgrun
 26411 | D:15     | Received a gift from Trog
 26414 | D:15     | Killed Jorgrun
 27777 | D:14     | Reached skill level 10 in Dodging
 27860 | D:14     | Found an opulent altar of Gozag.
 28069 | D:14     | Found a gate to the Vaults.
 28767 | D:15     | Found a staircase to the Depths.
 29084 | Spider:1 | Entered Level 1 of the Spider Nest
 29084 | Spider:1 | Noticed an emperor scorpion
 29093 | Lair:3   | Killed an emperor scorpion
 29094 | Lair:3   | Reached XP level 16. HP: 149/152 MP: 15/15
 29117 | Spider:1 | Received a gift from Trog
 29395 | Spider:1 | HP: 1/154 [radroach (28)]
 29396 | Spider:1 | Gained mutation: You are frail. (-10% HP) [mutagenic glow]
 29417 | Spider:1 | Demolished by a radroach

Illustrated notes

Levels and vault maps discovered:
D:1:      amcnicky_arrival_choice, layout_basic
D:2:      layout_rooms, minivault_11, nicolae_concentric_dashed_squares_wild
D:3:      layout_loops_corners, yredelemnul_forgotten_temple_becter,
          kiku_gazebo_garden_becter, hellmonk_ecumenical_altar_zigzags,
          gammafunk_ghost_necromancy, kennysheep_small_spiral
D:4:      wad_lake_hut, layout_rooms, nicolae_tso_swordbearing_angel,
          uniq_eustachio
D:5:      layout_cave_pools, mainiacjoe_overflow_paths,
          nicolae_uskayaw_dance_hall, lemuel_doored_altar,
          uniq_crazy_yiuf_cottage, uniq_prince_ribbit1, uniq_blork_the_orc
D:6:      minmay_polygon_palace, layout_basic,
          minmay_temple_entry_statues_pillars, serial_glass, glass_columns_c,
          glass_columns_a, enter_ossuary_4
D:7:      layout_gridville, nemelex_dance_club_becter, old_standard_altar,
          kennysheep_mini_moat, uniq_duvessa
D:8:      layout_rooms, roderic_roman_lattice, minmay_stone_trees_small,
          grunt_ministairs_7, uniq_erica
D:9:      layout_basic, minitemple, dpeg_oklobed_lair, orc_0_dummy
D:10:     layout_basic, kennysheep_another_room, nicolae_shop_i_like_big_books
D:11:     layout_cross, hellmonk_ghost_happy_afterlife, st_stairs_11,
          uniq_josephine
D:12:     layout_rooms, serial_glass, glass_columns_a, glass_columns_c,
          glass_columns_a, special_room [special_room_orc],
          ebering_ghost_inner_flame, kb_lookout_dungeons_type, minmay_holes,
          hangedman_glass_teeth, chequers_serial_rivers_large_a
D:13:     layout_small_grid
D:14:     layout_long_grid, ximxim_vaults_locker_room,
          nicolae_gozag_seed_capital, corexii_checkpoint_b
D:15:     gammafunk_depths_entry_grave, layout_long_grid, serial_park_tiny_2,
          grunt_ministairs_2, uniq_jorgrun
Temple:   dpeg_three_leaves_temple
Lair:1:   layout_small_grid, uniq_sonja, uniq_nergalle
Lair:2:   gammafunk_boulding_lane, layout_regular_city,
          nicolae_swamp_entry_splash_gauntlet, ebering_ghost_reflecting_pool,
          serial_bayou_pond_a, dreamdust_mushroom_princess
Lair:3:   layout_cave_shapes, dummy_spider_entry
Lair:4:   layout_regular_city, st_stairs_12
Lair:5:   minmay_lair_end_frog_pond, layout_loops_ring,
          minmay_slime_entry_pillars, portal_ice_cave_rime, uniq_nessos
Spider:1: layout_spider_delve
Orc:1:    layout_caves, uniq_maurice
Orc:2:    st_orc_ogre_mass, layout_caves, serial_shops, bzr_entry_islet

Skill      XL: |  1  2  3  4  5  6  7  8  9 10 11 12 13 14 15 |
---------------+----------------------------------------------+-----
Axes           | 4 5 6 7 8 10 12 14 16 17 18 19 | 19.8
Fighting       | 4 5 6 7 9 10 12 13 14 15 16 | 16.8
Armour         | 3 4 6 7 9 10 11 13 14 15 16 | 16.6
Shields        | 4 8 10 12 13 | 13.9
Dodging        | 3 6 8 10 | 10.7

Action                   |  1- 3 |  4- 6 |  7- 9 | 10-12 | 13-15 | 16-18 || total
-------------------------+-------+-------+-------+-------+-------+-------++-------
Melee: Hand axe          |    83 |    77 |   355 |    14 |       |       ||   529
       Headbutt          |     9 |    17 |    69 |    87 |   311 |    17 ||   510
       Punch             |     2 |     2 |     1 |       |       |       ||     5
       Battleaxe         |       |       |       |   176 |       |       ||   176
       Broad axe         |       |       |       |   203 |  1155 |    87 ||  1445
       Spear             |       |       |       |    20 |    41 |       ||    61
Throw: Boomerang         |     4 |       |     3 |     2 |    72 |       ||    81
Invok: Berserk           |       |       |     1 |     3 |     2 |     1 ||     7
       Trog's Hand       |       |       |       |     3 |    12 |     1 ||    16
       Brothers in Arms  |       |       |       |       |     1 |       ||     1
  Use: Scroll            |       |     5 |     9 |    12 |     7 |     1 ||    34
       Potion            |       |       |       |       |     2 |     1 ||     3
 Stab: Petrified         |       |       |       |       |    11 |       ||    11
Armor: Animal skin       |     2 |       |       |       |       |       ||     2
       Ring mail         |    22 |    21 |   122 |   216 |   121 |       ||   502
       Chain mail        |       |       |       |       |   411 |    35 ||   446
Dodge: Dodged            |    50 |    37 |   163 |   245 |   437 |    29 ||   961
Block: Buckler           |       |       |       |    47 |   527 |       ||   574
       Reflection        |       |       |       |       |    31 |       ||    31
       Kite shield       |       |       |       |       |    46 |   101 ||   147
